AoeStats
← JeanPhil Tasoeur

Arabia

503279669Analyzed
2v2 RM · 1mo ago on Aug 30, 2026· 36m 31s· 4 players
Game mode
Random Map
Map size
Medium (4 player)
Population
200
Speed
Normal
Resources
Standard
Victory
Conquest
Starting age
Dark Age
Ending age
Imperial Age
RankedLock teamsTeams togetherTeam positionsShared explorationLock speedFull tech treeHidden civsTurbo modeCheats
Victory
Defeat
🇦🇷 Mongols · Argentina
1780
+6
🇺🇸 Huns · United States
1564
+14
🇫🇷 Hindustanis · France
1531
-10
🇫🇷 Bengalis · France
1510
-9
Mandrek
0:30 Loom
6:28 Loom
9:54 Feudal Age
10:23 Double-Bit Axe
11:37 Horse Collar
16:07 Scale Barding Armor
18:39 Bloodlines
22:05 Castle Age
20:58 Fletching
23:47 Wheelbarrow
23:58 Gold Mining
26:36 Gold Shaft Mining
27:09 Husbandry
27:24 Forging
28:58 Chain Barding Armor
30:31 Iron Casting
30:56 Hand Cart
31:30 Bodkin Arrow
33:08 Padded Archer Armor
33:16 Thumb Ring
34:38 Ballistics
37:30 Imperial Age
35:30 Leather Archer Armor
36:34 Heavy Plow
36:56 Bow Saw
Conde Calcukill
6:19 Loom
8:24 Feudal Age
9:24 Double-Bit Axe
13:03 Fletching
16:23 Padded Archer Armor
22:07 Castle Age
20:08 Horse Collar
21:12 Gold Mining
22:45 Bodkin Arrow
22:11 Crossbowman
23:12 Bow Saw
26:05 Ballistics
26:26 Leather Archer Armor
30:18 Thumb Ring
31:08 Gold Shaft Mining
33:19 Wheelbarrow
37:37 Imperial Age
36:54 Town Watch
37:25 Hand Cart
Roronoa Yolo
6:08 Loom
8:36 Feudal Age
11:33 Fletching
16:59 Double-Bit Axe
23:52 Castle Age
22:09 Padded Archer Armor
23:45 Horse Collar
23:57 Gold Mining
24:30 Bodkin Arrow
24:21 Crossbowman
30:23 Leather Archer Armor
JeanPhil Tasoeur
8:31 Feudal Age
8:55 Loom
9:26 Double-Bit Axe
10:01 Horse Collar
18:41 Bloodlines
21:49 Forging
27:58 Castle Age
26:06 Scale Barding Armor
28:58 Husbandry
31:29 Iron Casting
33:00 Wheelbarrow
34:09 Town Watch
36:11 Chain Barding Armor
Connection lost

Rejoining the realm…

Still unreachable

The connection could not be restored.

Session expired

The server has moved on; the page needs a fresh start.